Unix NetHack Version 5.0.0-0 post-release - last build Jun 10 2026 00:39:30 (3ee93aec679c4c4259841fe613dc97188e26a321,branch:main).

Game began 2026-06-15 13:05:23, ended 2026-06-15 13:15:45.

GdeVolpiano, lawful male human Archeologist

                                                   ------------
                                       -----       |..........|        -------
                        ----------     |...|       |.B........|       #-<....|
                        |........|     |...|     ##.@.........|       #|.....|
                        |...)....|  ----...---- ## |..........|   #####|.....|
                    ####....>....|  |.........|##  -------.----   #    |.....|
                  ###   |........| #-.........-#        #######   *    |.....|
                 ##     -.------|- #|.........|#        #     ##  #    -------
                 #       ###    #  #----...----#        #      #  #
                ##              #  ### |...|   #        #      #  #
    ---------- ##               #    ##|....   #       ##   ---|--#
    |........| #                #     #-----   #      ##    |..>*.#
    |........| #                #     #       ##     ##     |....|
    |........-###########       #     #       #------.--    |....|
    |........| #        ###  -+-.-----#       #........|    |....|
    |........|            ###-.......|#        |.......|    |....|
    |.........               |.......|#        |.......|    --|---
    ----------               |..0.....#        ---------      #
                             ---------

GdeVolpiano the Field Worker  St:12 Dx:8 Co:12 In:16 Wi:16 Ch:11  Lawful
Dlvl:4  $:1829 HP:0(27) Pw:4(21) AC:9  Xp:3 T:1987  Burdened

Latest messages:
 This food really hits the spot!
 You stop eating the food ration.
 Where do you want to travel to?
 (For instructions type a '?')
 The kobold lord hits!
 You miss the kobold lord.
 The kobold lord hits!
 You hit the kobold lord.
 The kobold lord hits!
 The kobold lord hits!
 You hit the kobold lord!
 The kobold lord hits!
 In what direction?
 The magical energy is released!
 The kobold lord is knocked back!
 In what direction?
 You feel better.
 The kobold lord hits!
 You kill the kobold lord!
 Where do you want to travel to?
 (For instructions type a '?')
 The giant bat bites!
 You hit the giant bat.
 The giant bat bites!
 Indy misses the giant bat.
 The giant bat bites!
 In what direction?
 You feel better.
 The giant bat bites!
 Indy bites the giant bat.
 The giant bat bites!
 The giant bat bites!
 Indy misses the giant bat.
 The giant bat bites!
 Indy misses the giant bat.
 You hit the giant bat.
 The giant bat bites!
 Indy misses the giant bat.
 Indy misses the giant bat.
 In what direction?
 You feel better.
 You swap places with Indy.
 The giant bat bites!
 You hit the giant bat.
 The giant bat bites!
 The giant bat bites!
 The giant bat bites!
 You die...
 Do you want your possessions identified? [ynq] (y)
 Do you want to see your attributes? [ynq] (y)

Inventory:
 Coins    ('$')
  $ - 1829 gold pieces
 Weapons  (')')
  a - a +2 bullwhip (alternate weapon; not wielded)
 Armor    ('[')
  c - an uncursed +0 fedora (being worn)
  b - an uncursed +0 leather jacket (being worn)
 Comestibles  ('%')
  I - an uncursed clove of garlic
  d - 4 uncursed food rations
  M - an uncursed partly eaten food ration
 Scrolls  ('?')
  k - an uncursed scroll of charging
  s - an uncursed scroll of enchant armor
  o - an uncursed scroll of light
  p - an uncursed scroll of scare monster
 Spellbooks  ('+')
  K - a blessed spellbook of detect unseen
  w - an uncursed spellbook of healing
  v - an uncursed spellbook of knock
 Potions  ('!')
  n - an uncursed potion of booze
  L - a cursed potion of extra healing
  F - an uncursed potion of gain energy
  q - 2 uncursed potions of healing
  j - an uncursed potion of paralysis
  H - an uncursed potion of speed
 Rings    ('=')
  E - an uncursed ring of polymorph control (on right hand)
  J - an uncursed ring of regeneration
 Wands    ('/')
  y - a wand of light (0:11)
  l - a wand of opening (0:7)
  x - a wand of undead turning (0:4)
 Tools    ('(')
  h - an empty uncursed sack
  r - an uncursed leash
  i - a magic marker (0:21)
  e - a +0 pick-axe (weapon in right hand)
  f - a tinning kit (0:36)
 Gems/Stones  ('*')
  m - an uncursed opal
  g - an uncursed touchstone

GdeVolpiano the Archeologist's attributes:

Background:
 You were a Field Worker, a level 3 male human Archeologist.
 You were lawful, nominally on a mission for Quetzalcoatl
 who was opposed by Camaxtli (neutral) and Huhetotl (chaotic).
 You were right-handed.
 You were in the Dungeons of Doom, on level 4.
 You entered the dungeon 1987 turns ago.
 There was a new moon in effect when your adventure ended.
 You had 76 experience points, 4 more were needed to attain level 4.

Basics:
 You had 0 out of 27 hit points.
 You had 4 out of 21 energy points (spell power).
 Your armor class was 9.
 Your wallet contained 1829 zorkmids.
 Autopickup was on for '$?!/="+' plus thrown, with exceptions.

Final Characteristics:
 Your strength was 12 (limit:18/100).
 Your dexterity was 8 (limit:18).
 Your constitution was 12 (limit:18).
 Your intelligence was 16 (limit:18).
 Your wisdom was 16 (limit:18).
 Your charisma was 11 (limit:18).

Final Status:
 You weren't hungry.
 You were burdened; movement was slightly slowed.
 You were wielding a pick-axe.
 You had basic skill with pick-axe.

Final Attributes:
 You were devoutly aligned.
 You had automatic searching.
 You had polymorph control.
 You were lucky.
 You are dead.

Miscellaneous:
 You didn't encounter any bones levels.
 Total elapsed playing time was 10 minutes and 21 seconds.

Major events:
 Turn
    1: GdeVolpiano the lawful male human Archeologist entered the dungeon
 1353: attained the rank of Field Worker (level 3)
 1597: entered the Gnomish Mines
 1987: killed by a giant bat

Spells:
 Name                 Level Category     Fail Retention
 knock                  1   matter         0%  76%-100%
 healing                1   healing        0%  76%-100%
 detect unseen          3   divination   100%  76%-100%

Skills:
 Fighting Skills
   bare handed combat [Unskilled]
   two weapon combat  [Unskilled]
   riding             [Unskilled]
 Weapon Skills
   dagger             [Unskilled]
   knife              [Unskilled]
   pick-axe           [Basic]
   short sword        [Unskilled]
   saber              [Unskilled]
   club               [Unskilled]
   quarterstaff       [Unskilled]
   sling              [Unskilled]
   dart               [Unskilled]
   boomerang          [Unskilled]
   whip               [Basic]
   unicorn horn       [Unskilled]
 Spellcasting Skills
   attack spells      [Unskilled]
   healing spells     [Unskilled]
   divination spells  [Unskilled]
   matter spells      [Unskilled]

Voluntary challenges:
 Character rerolling was not enabled.
 You were an atheist.
 You never genocided any monsters.
 You never polymorphed an object.
 You never changed form.
 You used no wishes.
Achievements:
 You attained the rank of Field Worker.
 You entered a shop.
 You entered the Gnomish Mines.

 The Dungeons of Doom: levels 1 to 5
    Level 1:
       A fountain.
    Level 2:
       A ring shop, some fountains.
    Level 3:
    Level 4: <- You were here.
       Stairs down to The Gnomish Mines.
       Final resting place for
          you, killed by a giant bat.
    Level 5:
 The Gnomish Mines:
    Level 5:


Vanquished creatures:
  a kobold leader
  a giant bat
  a giant rat
  2 yellow molds
  a red mold
  2 garter snakes
  3 geckos
  4 jackals
  3 goblins
  3 sewer rats
 10 grid bugs
  2 lichens
  5 newts
38 creatures vanquished.

No species were genocided or became extinct.

Game over:
                       ----------
                      /          \
                     /    REST    \
                    /      IN      \
                   /     PEACE      \
                  /                  \
                  |   GdeVolpiano    |
                  |     1829 Au      |
                  |   killed by a    |
                  |    giant bat     |
                  |                  |
                  |                  |
                  |       2026       |
                 *|     *  *  *      | *
        _________)/\\_//(\/(/\)/\//\/|_)_______

Goodbye GdeVolpiano the Archeologist...

You died in The Dungeons of Doom on dungeon level 4 with 2161 points,
and 1829 pieces of gold, after 1987 moves.
You were level 3 with a maximum of 27 hit points when you died.

